 Dungeon Crawl Stone Soup version 0.19-a0-900-g7ddcc7b (webtiles) character file.

415 AlphabetPasta the Apprentice (level 7, 0/76 HPs)
             Began as a Human Artificer on July 4, 2016.
             Was an Initiate of Pakellas.
             Succumbed to a worker ant's poison
             ... on level 5 of the Dungeon.
             The game lasted 00:20:53 (4212 turns).

AlphabetPasta the Apprentice (Human Artificer)      Turns: 4212, Time: 00:20:54

Health: 0/76       AC: 23    Str: 14    XL:     7   Next: 15%
Magic:  10/10      EV:  2    Int:  9    God:    Pakellas [......]
Gold:   307        SH:  5    Dex: 14    Spells: 0 memorised, 6 levels left

rFire  . . .     SeeInvis +     m - +0 spear
rCold  . . .     Gourm    .     (armour currently unavailable)
rNeg   + + +     Faith    .     p - +1 buckler
rPois  +         Spirit   .     (helmet currently unavailable)
rElec  .         Dismiss  .     (cloak currently unavailable)
rCorr  .         Reflect  .     (gloves currently unavailable)
SustAt .         Harm     .     (boots currently unavailable)
MR     .....     Rnd*Rage +     (no amulet)
Stlth  ++........ NoTele   +    (no ring)
                                y - ring of see invisible

@: lethally poisoned (0 -> 0), exhausted, tree-form (expiring), slowed, very
slow, not resistant to hostile enchantments, unstealthy
A: berserk 1, dopey 1
a: Renounce Religion


You were on level 5 of the Dungeon.
You worshipped Pakellas.
Pakellas was noncommittal.
You were not hungry.
You were a tree.
You visited 2 branches of the dungeon, and saw 6 of its levels.

You collected 307 gold pieces.

Inventory:

Hand Weapons
 a - a +0 short sword
 m - a +0 spear (weapon)
Missiles
 h - 7 tomahawks of returning (quivered)
Armour
 b - a +0 leather armour
 p - a +1 buckler (worn)
 v - a +0 ring mail (melded)
Jewellery
 y - a ring of see invisible (left branch)
Wands
 c - a wand of flame (0/48)
 d - a wand of enslavement (12/24)
 e - a wand of random effects (11/48)
Scrolls
 i - a scroll of teleportation
 j - 2 scrolls of identify
 r - a scroll of fear {unknown}
 u - a scroll of amnesia
 w - a scroll of remove curse
Potions
 g - a potion of haste
 l - a potion of agility
 q - 2 potions of flight
 s - a potion of cure mutation
Comestibles
 f - 4 bread rations
 t - 3 meat rations
 x - 4 fruits
 z - a chunk of flesh


   Skills:
 + Level 2.7 Fighting
 - Level 1.0 Short Blades
 * Level 3.0 Polearms
 - Level 0.2 Throwing
 + Level 2.0 Armour
 + Level 2.7 Dodging
 - Level 1.0 Stealth
 + Level 2.2 Shields
 * Level 4.6 Evocations


You had 6 spell levels left.
You didn't know any spells.

Dungeon Overview and Level Annotations

Branches:
Dungeon (5/15)             Temple (1/1) D:4

Altars:
Ashenzari
Cheibriados
Dithmenos
Elyvilon
Gozag
Hepliaklqana
Kikubaaqudgha
Nemelex Xobeh
Pakellas
Qazlal
Ru
Sif Muna
Trog
Uskayaw
Vehumet
Yredelemnul
Zin
The Shining One

Annotations:
D:3 edsrzf's ghost, amateur HEBe


Innate Abilities, Weirdness & Mutations

You tend to lose your temper in combat.
You are dopey. (Int -2)


Message History

* * * LOW HITPOINT WARNING * * *
You feel sick.
You feel your anger subside.
You are no longer berserk.
You are exhausted.
You feel yourself slow down.
You are feeling hungry.
Eat one of 2 chunks of flesh? (ye/n/q)
You start eating one of the 2 chunks of flesh.
* * * LOW HITPOINT WARNING * * *
You feel sick.
You continue eating. x2
You finish eating.
This raw flesh tastes terrible.
* * * LOW HITPOINT WARNING * * *
You feel sick.
Your transformation is almost over.
* * * LOW HITPOINT WARNING * * *
You feel sick.
You die...
Pakellas says: Good help is so hard to find these days!

###.#.#......###
####+#...#.#......#
#......###.#......#
#......# #.#....#####
##......###...........
...........###....#####
.####+###..###....# #
8. #...8#..###########
....#♣..#........##<..
#....#........#####
#$#.#.'.........
#.#=#.##........#
....#.. #..#######
#...#....#..#
#8...#..8#..#
.###+####..## ..#


There were no monsters in sight!

Vanquished Creatures
  Sigmund (D:2)
  A howler monkey (D:4)
  An orc wizard (D:4)
  A centaur skeleton (D:4)
  3 worker ants
  3 adders (D:2)
  An ooze (D:2)
  A worm (D:2)
  A dart slug (D:1)
  An orc (D:5)
  5 giant cockroaches
  6 hobgoblins
  14 jackals
  6 kobolds
  2 quokkas
  A ball python (D:4)
  4 bats
  6 giant newts
  4 goblins
  8 rats
70 creatures vanquished.

Vanquished Creatures (collateral kills)
  An adder (D:2)
  2 hobgoblins (D:2)
3 creatures vanquished.

Vanquished Creatures (others)
  2 orcs (D:4)
2 creatures vanquished.

Grand Total: 75 creatures vanquished

Notes
Turn   | Place    | Note
-------+----------+-------------------------------------------
     0 | D:1      | AlphabetPasta the Human Artificer began the quest for the Orb.
     0 | D:1      | Reached XP level 1. HP: 15/15 MP: 3/3
   274 | D:1      | Reached XP level 2. HP: 21/21 MP: 4/4
   633 | D:1      | Reached skill level 1 in Polearms
   633 | D:1      | Reached XP level 3. HP: 20/26 MP: 5/5
  1286 | D:2      | Reached skill level 1 in Armour
  1286 | D:2      | Reached XP level 4. HP: 32/32 MP: 6/6
  1727 | D:2      | Noticed Sigmund
  1736 | D:2      | Killed Sigmund
  1736 | D:2      | Reached skill level 1 in Shields
  1736 | D:2      | Reached skill level 4 in Evocations
  1736 | D:2      | Reached XP level 5. HP: 38/38 MP: 6/8
  1736 | D:2      | Reached XP level 6. HP: 44/44 MP: 6/9
  2037 | D:3      | Noticed edsrzf's ghost (amateur HEBe)
  2788 | D:4      | Upgraded the game from 0.19-a0-895-gdbd5520 to 0.19-a0-900-g7ddcc7b
  3356 | D:4      | Reached XP level 7. HP: 25/51 MP: 10/10
  3815 | D:4      | Found a staircase to the Ecumenical Temple.
  3824 | Temple   | Entered the Ecumenical Temple
  3912 | Temple   | Became a worshipper of Pakellas the Inventive
  4025 | D:5      | Entered Level 5 of the Dungeon
  4173 | D:5      | HP: 1/51 [worker ant (7)]
  4184 | D:5      | Gained mutation: You tend to lose your temper in combat. [potion of mutation]
  4184 | D:5      | Gained mutation: You are dopey. (Int -2) [potion of mutation]
  4192 | D:5      | HP: 3/76 [poisoned by a worker ant]
  4198 | D:5      | HP: 1/76 [poisoned by a worker ant]
  4204 | D:5      | HP: 1/76 [poisoned by a worker ant]
  4210 | D:5      | HP: 1/76 [poisoned by a worker ant]
  4212 | D:5      | Succumbed to a worker ant's poison

Vault maps used:
D:1:      minmay_arrival_checkered_box, minmay_octomino_c4
D:2:      uniq_sigmund
D:3:      first_bread, item_on_display_a
D:4:      grunt_ministairs_14
D:5:      lemuel_ice_spiral_2, serial_shops, shop, minivault_1, uniq_edmund,
          uniq_prince_ribbit1
Temple:   regret_index_temple_mists

Skill      XL: |  1  2  3  4  5  6  7 |
---------------+----------------------+-----
Polearms       | 1 2 3 |  3.0
Armour         | 1 2 |  2.0
Fighting       | 2 |  2.7
Shields        | 1 2 |  2.2
Evocations     | 4 |  4.6
Short Blades   | |  1.0
Throwing       | |  0.2
Dodging        | |  2.7
Stealth        | |  1.0

Action                   |  1- 3 |  4- 6 |  7- 9 || total
-------------------------+-------+-------+-------++-------
Melee: Short sword       |    48 |       |       ||    48
       Spear             |    63 |   211 |    59 ||   333
Throw: Tomahawk          |       |       |     3 ||     3
Evoke: Wand              |    12 |    10 |       ||    22
  Use: Scroll            |       |    13 |       ||    13
       Potion            |       |       |     5 ||     5
 Stab: Distracted        |     1 |     1 |       ||     2
       Sleeping          |       |     1 |       ||     1
  Eat: Chunk             |     1 |     6 |     4 ||    11
       Fruit             |       |     1 |       ||     1
Armor: Leather armour    |    19 |    26 |       ||    45
       Ring mail         |       |    27 |    10 ||    37
Dodge: Dodged            |    43 |   102 |    20 ||   165
Block: Buckler           |       |    30 |    10 ||    40
